 Dungeon Crawl Stone Soup version 0.20-a0-680-g5c496f5 (webtiles) character file.

718 logikai the Carver (level 7, 0/52 (54) HPs)
             Began as a Barachian Fighter on Feb 10, 2017.
             Slain by a wight
             ... wielding a cursed +0 scimitar
              (2 damage)
             ... on level 6 of the Dungeon on Feb 18, 2017.
             The game lasted 00:14:23 (4528 turns).

logikai the Carver (Barachian Fighter)              Turns: 4528, Time: 00:14:24

HP:   0/52 (54)     AC:  9    Str: 14    XL:     7   Next: 70%
MP:   7/7           EV:  6    Int:  8    God:
Gold: 114           SH:  8    Dex: 11    Spells: 6/6 levels left

rFire    . . .     SeeInvis .   a - +0 long sword
rCold    . . .     Gourm    .   b - +0 scale mail
rNeg     . . .     Faith    .   c - +0 shield
rPois    .         Spirit   .   h - +0 helmet
rElec    .         Reflect  .   k - +0 cloak
rCorr    .         Harm     .   (no gloves)
MR       .....                  (no boots)
Stlth    ..........             (no amulet)
Regen    0.2/turn               (no ring)
MPRegen  0.1/turn               (no ring)

@: can't hop, drained, slow
A: swims, slowness 1, strong legs 1
a: Hop


You were on level 6 of the Dungeon.
You were not hungry.

You visited 1 branch of the dungeon, and saw 6 of its levels.

You collected 114 gold pieces.

Inventory:

Hand Weapons
 a - a +0 long sword (weapon)
 z - a +1 antimagic dagger
Armour
 b - a +0 scale mail (worn)
 c - a +0 shield (worn)
 h - a +0 helmet (worn)
 k - a +0 cloak (worn)
Jewellery
 s - a +5 amulet of reflection {unknown}
Scrolls
 j - a scroll of fear {unknown}
 l - a scroll of remove curse {unknown}
 m - a scroll of identify {unknown}
 r - 2 scrolls of teleportation {unknown}
 t - a scroll of blinking {unknown}
 u - a scroll of enchant weapon {unknown}
 w - a scroll of brand weapon {unknown}
 x - a scroll of recharging {unknown}
 y - a scroll of magic mapping {unknown}
Potions
 d - 3 potions of might
 e - a potion of berserk rage {unknown}
 n - 2 potions of curing
 p - a potion of invisibility {unknown}
 q - a potion of resistance {unknown}
 v - 2 potions of lignification {unknown}
Comestibles
 f - 2 bread rations
 g - a meat ration
 i - 4 royal jellies
 o - 5 fruits
 A - a chunk of flesh


   Skills:
 + Level 4.1(3.7) Fighting
 + Level 8.9(8.6) Long Blades
 - Level 3.2(2.9) Armour
 - Level 3.0(2.7) Shields


You had 6 spell levels left.
You didn't know any spells.

Dungeon Overview and Level Annotations

Branches:
Dungeon (6/15)
 Temple: D:4-7

Altars:

Annotations:
D:3 !ghost, Azzok's ghost, amateur NaTm


Innate Abilities, Weirdness & Mutations

You can swim through water.
You cover ground slowly.
You can hop short distances.


Message History

The gnoll hits you but does no damage.
You climb downwards.
There is a stone staircase leading up here.
Hop to where?
Press: ? - help, Dir - move target cursor Boing!
A wight comes into view. It is wielding a scimitar.
The wight picks up a hunting sling.
The wight wields a hunting sling.
The gnoll hits you but does no damage. You block the wight's attack.
The wight hits you but does no damage.
You closely miss the wight. The wight barely misses you.
The gnoll hits you but does no damage.
You hit the wight but do no damage. The wight hits you with a scimitar!
* * * LOW HITPOINT WARNING * * *
Your shield and scale mail prevent you from hitting the wight.
You block the gnoll's attack. The wight hits you with a scimitar!
* * * LOW HITPOINT WARNING * * *
You feel drained.
You die...

########.#
#..O.....#
.......#####..#
####### #..# #..#
#O## ## #.# ##
#...#.#####...#.
#..Ogz@.......
.....#.#####...##
###.##.# ## ...
... ### ....
.#### #. #


You could see an ogre, a wight and a gnoll.

Vanquished Creatures
  A necrophage (D:5)
  An ice beast (D:5)
  3 scorpions (D:5)
  A howler monkey (D:4)
  A quasit (D:3)
  An orc priest (D:4)
  An orc wizard (D:5)
  3 worker ants
  A hound skeleton (D:4)
  A gnoll (D:6)
  7 adders
  3 oozes
  2 worms
  A dart slug (D:5)
  4 leopard geckos
  6 orcs
  A ball python (D:1)
  6 giant cockroaches
  8 goblins
  5 hobgoblins
  6 jackals
  4 quokkas
  5 bats
  2 frilled lizards
  A jackal skeleton (D:4)
  4 kobolds
  A leopard gecko zombie (D:6)
  7 rats
87 creatures vanquished.

Vanquished Creatures (others)
  7 fungi (D:5)
7 creatures vanquished.

Grand Total: 94 creatures vanquished

Notes
Turn   | Place    | Note
-------+----------+-------------------------------------------
     0 | D:1      | logikai the Barachian Fighter began the quest for the Orb.
     0 | D:1      | Reached XP level 1. HP: 18/18 MP: 1/1
   164 | D:1      | Reached XP level 2. HP: 11/24 MP: 2/2
   715 | D:1      | Reached skill level 3 in Long Blades
   715 | D:1      | Reached XP level 3. HP: 24/30 MP: 3/3
  1501 | D:2      | Reached skill level 4 in Long Blades
  1501 | D:2      | Reached XP level 4. HP: 34/37 MP: 4/4
  1602 | D:3      | Noticed Azzok's ghost (amateur NaTm)
  2262 | D:3      | Reached skill level 5 in Long Blades
  2357 | D:3      | Reached XP level 5. HP: 42/42 MP: 5/5
  3036 | D:4      | Reached skill level 6 in Long Blades
  3168 | D:4      | Reached XP level 6. HP: 45/48 MP: 6/6
  3497 | D:5      | Entered Level 5 of the Dungeon
  3609 | D:5      | Reached skill level 7 in Long Blades
  3624 | D:5      | Reached XP level 7. HP: 35/54 MP: 5/7
  3745 | D:5      | Reached skill level 8 in Long Blades
  3776 | D:5      | Upgraded the game from 0.20-a0-629-gc37eb77 to 0.20-a0-680-g5c496f5
  4528 | D:6      | HP: 2/52 [wight/scimitar (7)]
  4528 | D:6      | Slain by a wight

Vault maps used:
D:1:      lemuel_arrival_tunnels
D:2:      moated_statue
D:3:      kennysheep_the_goblin_king
D:4:      first_bread
D:5:      old_forge
D:6:      hangedman_abyss_or_decor_passed

Skill      XL: |  1  2  3  4  5  6  7 |
---------------+----------------------+-----
Fighting       | 4 |  4.1
Long Blades    | 3 4 5 6 7 8 |  8.9
Armour         | |  3.2
Shields        | |  3.0

Action                   |  1- 3 |  4- 6 |  7- 9 || total
-------------------------+-------+-------+-------++-------
Melee: Long sword        |   122 |   291 |    83 ||   496
       Dagger            |       |     2 |    21 ||    23
 Abil: Hop               |     2 |     1 |     1 ||     4
  Use: Potion            |       |     1 |       ||     1
  Eat: Chunk             |     3 |     7 |     4 ||    14
Armor: Scale mail        |    67 |   170 |    27 ||   264
Dodge: Dodged            |    29 |    94 |    27 ||   150
Block: Shield            |    62 |   144 |    40 ||   246
       Rpst.: Long sword |     6 |    21 |     8 ||    35
